 Dungeon Crawl Stone Soup version 0.31-a0-339-gda1cbd555d (webtiles) character file.

Game seed: 7162829054373851265

66208 bobo the Fighter (level 14, -3/97 (104) HPs)
             Began as a Yellow Draconian Shapeshifter on July 19, 2023.
             Was a High Priest of Qazlal.
             Slain by a pharaoh ant (33 damage)
             ... on level 1 of the Spider Nest on July 20, 2023.
             The game lasted 01:48:48 (22669 turns).

bobo the Fighter (Yellow Draconian Shapeshifter)   Turns: 22669, Time: 01:48:49

HP:   -3/97 (104)   AC: 14    Str: 28    XL:     14   Next: 78%
MP:   21/21         EV: 16    Int: 10    God:    Qazlal [*****.]
Gold: 1763          SH:  7    Dex: 17    Spells: 11/23 levels left

rFire   . .          .
                       - Unarmed
rCold   . . .        (shield currently unavailable)
rNeg    . . .        (body armour unavailable)
rPois   .            (helmet restricted)
rElec   .            e - +0 cloak
rCorr   +            H - melded +2 pair of gloves
SInv    .            l - +0 pair of boots
Will    +....        N - amulet "Seopriku" {Regen+ Dex+6}
Stlth   +            V - ring of Nihilism {rF+ rC- AC+4 Str+6}
HPRegen 1.16/turn    z - ring of ice
MPRegen 0.17/turn

%: repel missiles
@: blade hands, drained
A: reduced hp, spit acid, AC +8, unfitting armour, acidic bite, cold-blooded,
acid resistance
a: Breathe Acid, Begin Untransformation, Renounce Religion, Upheaval, Elemental
Force, Disaster Area


You were on level 1 of the Spider Nest.
You worshipped Qazlal.
Qazlal was extremely pleased with you.
You had blades for hands.
You visited 4 branches of the dungeon, and saw 21 of its levels.
You also visited: Ossuary, Gauntlet and Volcano.

You collected 2102 gold pieces.
You spent 339 gold pieces at shops.

Inventory:

Hand Weapons
 L - the +7 great mace "Firestarter" {flame, immolate, rFlCloud rF++}
   (You found it in a Gauntlet)

   rFlCloud:  It grants immunity to clouds of flame.
   rF:        It greatly protects you from fire.
Missiles
 v - 3 javelins
 A - 3 boomerangs of dispersal
 E - 4 curare-tipped darts
 G - 6 silver boomerangs
 I - 4 atropa-tipped darts
 W - 3 silver javelins
Armour
 e - a +0 cloak (worn)
 l - a +0 pair of boots (worn)
 H - a +2 pair of gloves (melded)
Jewellery
 q - a ring of see invisible
 z - a ring of ice (right blade hand)
 D - a +4 ring of protection
 J - a +6 ring of intelligence
 N - the amulet "Seopriku" (around neck) {Regen+ Dex+6}
   (You found it on level 12 of the Dungeon)

   [amulet of regeneration]

   Dex:       It affects your dexterity (+6).
   Regen:     It increases your rate of health regeneration.
 Q - a ring of protection from cold
 V - the ring of Nihilism (left blade hand) {rF+ rC- AC+4 Str+6}
   (You found it in a Gauntlet)

   [ring of protection]

   AC:        It affects your AC (+4).
   Str:       It affects your strength (+6).
   rF:        It protects you from fire.
   rC:        It makes you vulnerable to cold.
Talismans
 b - a blade talisman
Wands
 u - a wand of charming (1)
 B - a wand of flame (9) (quivered)
 C - a wand of iceblast (3)
 P - a wand of polymorph (10)
 R - a wand of acid (4)
 Y - a wand of digging (7)
Scrolls
 f - 7 scrolls of enchant armour
 h - 9 scrolls of teleportation
 i - a scroll of brand weapon
 m - a scroll of amnesia
 p - 4 scrolls of immolation
 w - 4 scrolls of enchant weapon
 y - a scroll of revelation {unknown}
 O - 6 scrolls of fog
 T - a scroll of poison
 X - a scroll of blinking
Potions
 a - a potion of lignification
 c - a potion of attraction
 d - 2 potions of enlightenment
 g - 3 potions of mutation
 j - a potion of haste
 k - a potion of cancellation
 n - 4 potions of heal wounds
 o - a potion of invisibility
 r - 7 potions of curing
 s - 3 potions of ambrosia
 t - 5 potions of might
 F - 4 potions of brilliance
 U - a potion of resistance
Miscellaneous
 M - a lightning rod (2/4)
 S - a phial of floods (inert)
 Z - a phantom mirror (inert)


   Skills:
 + Level 13.8 Fighting
 - Level 5.0 Throwing
 - Level 8.1 Dodging
 - Level 5.0 Stealth
 - Level 6.7 Shields
 + Level 12.8 Unarmed Combat
 - Level 5.0 Spellcasting
 - Level 7.4 Translocations
 - Level 7.2 Ice Magic
 - Level 5.8 Invocations
 - Level 2.4 Evocations
 * Level 7.0 Shapeshifting


You had 11 spell levels left.
You knew the following spells:

 Your Spells              Type           Power      Damage    Failure   Level
a - Ozocubu's Armour      Ice            25%        N/A       28%         3
f - Frozen Ramparts       Ice            50%        1d8       28%         3
z - Manifold Assault      Tloc           17%        N/A       47%         4
Z - Blink                 Tloc           34%        N/A       19%         2

Your spell library contained the following spells:

 Spells                   Type           Power      Damage    Failure   Level
 Apportation              Tloc           34%        N/A       16%         1
 Freeze                   Ice            100%       1d10      16%         1
 Hailstorm                Conj/Ice       14%        3d5       56%         3
 Necrotise                Necr           8%         1d4       65%         1
 Sting                    Tmut/Pois      8%         1d3       65%         1
 Poisonous Vapours        Pois/Air       4%         N/A       77%         2
 Scorch                   Fire           4%         2d5       77%         2
 Vampiric Draining        Necr           2%         2d6       90%         3
 Metabolic Englaciation   Hex/Ice        7%         N/A       98%         5
 Anguish                  Hex/Necr       1%         N/A       99%         4
 Cause Fear               Hex            1%         N/A       99%         4
 Flame Wave               Conj/Fire      2%         2d4       99%         4
 Olgreb's Toxic Radiance  Pois           2%         N/A       99%         4
 Petrify                  Tmut/Erth      2%         N/A       99%         4
 Agony                    Necr           2%         N/A       100%        5
 Alistair's Intoxication  Tmut/Pois      1%         N/A       100%        5
 Borgnjor's Vile Clutch   Necr/Erth      1%         N/A       100%        5
 Leda's Unmaking          Conj/Erth      1%         9d1       100%        6
 Simulacrum               Ice/Necr       7%         N/A       100%        6
 Summon Cactus Giant      Summ           1%         N/A       100%        6
 Enfeeble                 Hex            1%         N/A       100%        7


Dungeon Overview and Level Annotations

Branches:
Dungeon (13/15)            Temple (0/1) D:6            Lair (5/5) D:8
 Spider (1/4) Lair:2        Slime (0/5) Lair:4          Orc (2/2) D:12
    Elf (0/3) Orc:2       Ossuary (visited)         Volcano (visited)
Gauntlet (visited)
  Swamp: Lair:2-3    Shoals: Lair:2-3    Vaults: D:13-14

Altars:
Ashenzari
Cheibriados
Dithmenos
Fedhas
Gozag
Kikubaaqudgha
Makhleb
Okawaru
Qazlal
Ru
Vehumet
Wu Jian
Xom
Zin
Lugonu

Shops:
D:4 :   D:6 [*!   D:8 :   D:11 :*:

Portals:
Abyss: Lair:5
Trove: D:12 (give 13 potions of heal wounds)

Annotations:
Lair:1 3 exclusions
Lair:2 2 transporters, exclusions: 4 electric eels and 1 more exclusion
Lair:4 3 runed translucent doors, bakla's ghost, journeyman OpSh
Orc:2 Donald


Innate Abilities, Weirdness & Mutations

You have blades for hands.
Your maximum health is decreased, since you lack skill for your form.
Your spellcasting is less reliable in this form.
You are incapable of wielding weapons or throwing items.
You can spit globs of acid.
Your golden yellow scales are hard. (AC +8)
You cannot fit into any form of body armour.
You have acidic saliva.
You are cold-blooded and may be slowed by cold attacks.
You are resistant to acid. (rCorr)


Message History

You begin transforming.
You continue transforming. x3
Your hands turn into razor-sharp scythe blades.
Your +2 pair of gloves melds into your body.
You're wearing all the rings you can.
Remove which one? (? for menu, Esc to cancel) < or
V - the ring of Nihilism {rF+ rC- AC+4 Str+6} > or
D - a +4 ring of protection You remove your +4 ring of protection.
You feel more attuned to ice.
z - a ring of ice (right blade hand)
Found 3 curare-tipped darts.
Found 5 poisoned darts.
You hear a chilling moan.
You hear a faint skittering sound.
You hear a chilling moan.
You hear a skittering sound.
You see here 3 curare-tipped darts.
E - 4 curare-tipped darts (gained 3)
You hear a chilling moan.
You hear a faint skittering sound.
You hear a skittering sound.
A pharaoh ant comes into view.
A wolf spider comes into view.
You closely miss the pharaoh ant. You slash the pharaoh ant!
The pharaoh ant is moderately damaged.
The pharaoh ant bites you.
You feel drained. The wolf spider barely misses you.
The wolf spider bites you but does no damage.
A tarantella comes into view.
The pharaoh ant bites you!
You completely miss the pharaoh ant. You tail-slap the pharaoh ant.
The pharaoh ant is moderately damaged.
You block the wolf spider's attack. The wolf spider misses you.
The pharaoh ant bites you!!!
You feel drained.
As you read the scroll of fog, it dissolves into smoke.
The wolf spider closely misses you. x2; You block the pharaoh ant's attack.
The wolf spider hits you! The wolf spider bites you.
* * * LOW HITPOINT WARNING * * *
The wolf spider attacks as you move away!
The wolf spider closely misses you. The wolf spider misses you.
The pharaoh ant misses you.
The pharaoh ant attacks as you move away!
The pharaoh ant bites you!!
You die...

#.....# ##......^#
.......... ...##
#.?....... ...
....# ##..§.....#
..(.....
#..§§§....# .......
#§§§§.....# ......
#§Bs§....#
....######@#§s§...#
....##
##......#.####...#
.....# #.##.....##
.#.# .....#
#........#
.....###........#
.....##....[....#
....###[........#
....#.◎.........#
..^..##.........#


You could see a wolf spider and a pharaoh ant.

Vanquished Creatures
  An orc warlord (Orc:1)
  A minotaur (Gauntlet)
  Snorg (D:10)
  A green death (Gauntlet)
  Josephine (Lair:4)
  A fire dragon (Volcano)
  An entropy weaver (Spider:1)
  5 hydras
  5 two-headed ogres
  5 boulder beetles
  2 thrashing horrors (Lair:5)
  A demonic crawler (Spider:1)
  3 skeletal warriors (D:12)
  A pharaoh ant (Spider:1)
  5 lindwurms
  3 orc sorcerers
  A wolf spider (Spider:1)
  A cyclops (D:11)
  2 ugly things
  A manticore (D:11)
  6 black mambas
  5 elephants (Lair:1)
  Maggie (D:8)
  A smoke demon (Lair:5)
  4 cane toads
  2 torpor snails
  A gargoyle (D:12)
  5 unseen horror zombies (D:9)
  Psyche (D:8)
  4 rime drakes
  2 kobold demonologists
  5 komodo dragons
  2 polar bears (Lair:5)
  3 trolls
  4 tarantellas (Spider:1)
  2 hornets (Gauntlet)
  18 blink frogs
  3 raiju (Lair:5)
  10 small abominations (Lair:5)
  A wyvern (shapeshifter) (Lair:5)
  2 spriggans (Lair:5)
  56 yaks
  A shadow (D:11)
  7 wraiths
  5 wyverns
  2 ynoxinuls (Lair:5)
  5 basilisks
  A fire elemental (Lair:4)
  2 chaos spawn (Lair:5)
  7 steam dragons (Volcano)
  A redback (shapeshifter) (Lair:5)
  2 large abominations (Lair:5)
  4 redbacks (Spider:1)
  4 acid dragons
  16 water moccasins
  2 hell hounds (Volcano)
  9 orc warriors
  A swamp drake (D:12)
  2 sky beasts (D:7)
  2 black bears
  An ice beast (D:6)
  7 ogres
  20 wolves
  7 centaurs
  2 phantoms
  4 kobold brigands
  An elf zombie (Ossuary)
  10 bullfrogs
  A gnoll sergeant (D:10)
  2 necrophages (D:9)
  7 scorpions
  5 wights (D:5)
  15 killer bees
  3 howler monkeys
  2 electric eels (Lair:5)
  5 centaur zombies
  2 hounds
  5 bullfrog zombies (D:6)
  8 orc priests
  A gnoll bouda (D:7)
  2 human zombies
  5 jellies
  A bullfrog skeleton (D:6)
  2 sleepcaps
  4 iguanas
  13 orc wizards
  2 killer bee zombies (D:6)
  2 hound zombies (Ossuary)
  5 mummies
  2 howler monkey zombies
  6 adders
  7 gnolls
  A shadow imp (D:8)
  2 white imps (D:5)
  An ufetubus (D:7)
  4 adder zombies (Ossuary)
  5 worms
  A dart slug (D:5)
  54 orcs
  2 bats (D:2)
  7 endoplasms
  2 giant cockroaches
  11 goblins
  A hobgoblin (D:1)
  3 quokkas
  2 ball pythons
  2 frilled lizards
  2 gnoll zombies (Ossuary)
  3 goblin zombies (Ossuary)
  5 hobgoblin zombies (Ossuary)
  3 jackal zombies (Ossuary)
  14 kobolds
  3 kobold zombies (Ossuary)
  An orc zombie (Ossuary)
  A quokka zombie (Ossuary)
  8 rats
  6 rat zombies (Ossuary)
556 creatures vanquished.

Vanquished Creatures (collateral kills)
  Fannar (Lair:3)
  An ogre (D:10)
  3 killer bees (D:9)
  An orc priest (D:3)
  A sleepcap (D:4)
  3 orcs
  A ball python (D:3)
  A hobgoblin (D:4)
  A frilled lizard (D:3)
  2 kobolds
15 creatures vanquished.

Vanquished Creatures (others)
  A boulder beetle (Spider:1)
  Lodul (D:10)
  2 ogres
  2 killer bees (D:9)
  A jelly (Lair:4)
  An orc wizard (D:8)
  2 orcs (D:4)
10 creatures vanquished.

Grand Total: 581 creatures vanquished

Notes
Turn   | Place    | Note
-------+----------+-------------------------------------------
     0 | D:1      | bobo the Draconian Shapeshifter began the quest for the
                  | Orb.
     0 | D:1      | Reached XP level 1. HP: 17/17 MP: 1/1
   159 | D:1      | Reached XP level 2. HP: 25/25 MP: 2/2
   823 | D:2      | Reached skill level 3 in Fighting
   823 | D:2      | Reached XP level 3. HP: 29/31 MP: 3/3
  1687 | D:3      | Reached XP level 4. HP: 6/38 MP: 4/4
  2022 | D:3      | Reached skill level 4 in Fighting
  2428 | D:4      | Noticed an ogre
  2457 | D:4      | Reached XP level 5. HP: 42/46 MP: 5/5
  2760 | D:4      | Reached skill level 1 in Evocations
  2760 | D:4      | Reached XP level 6. HP: 49/53 MP: 6/6
  2777 | D:4      | Found Seat's Book Shop.
  3041 | D:5      | Entered Level 5 of the Dungeon
  3062 | D:5      | Found a sand-covered staircase.
  3071 | Ossuary  | Entered an ossuary
  3112 | Ossuary  | Reached skill level 1 in Throwing
  3176 | Ossuary  | Reached skill level 5 in Fighting
  3176 | Ossuary  | Your scales start taking on a golden yellow colour.
  3176 | Ossuary  | Reached XP level 7. HP: 61/61 MP: 7/7
  3176 | Ossuary  | Gained mutation: You are resistant to acid. (rCorr) [Yellow
                  | Draconian growth]
  3486 | D:5      | Reached skill level 1 in Stealth
  3531 | D:5      | Found a glowing silver altar of Zin.
  3534 | D:5      | Found a burning altar of Makhleb.
  3556 | D:5      | Found a stormy altar of Qazlal.
  3559 | D:5      | Found a broken altar of Ashenzari.
  3565 | D:5      | Became a worshipper of Qazlal Stormbringer
  3636 | D:5      | Reached skill level 5 in Unarmed Combat
  3653 | D:5      | Reached XP level 8. HP: 27/70 MP: 8/8
  3849 | D:5      | Reached skill level 6 in Fighting
  4084 | D:5      | Found a shimmering altar of Xom.
  4186 | D:6      | Found Fittuh's Armour Shoppe.
  4237 | D:6      | Bought a +0 kite shield for 63 gold pieces
  4270 | D:6      | Reached * piety under Qazlal
  4363 | D:6      | Reached skill level 5 in Shapeshifting
  4506 | D:6      | Found a staircase to the Ecumenical Temple.
  4535 | D:6      | Found Liffed's Distillery.
  4704 | D:6      | Found Quup's Assorted Antiques.
  4705 | D:6      | Bought a potion of lignification for 36 gold pieces
  4705 | D:6      | Bought a potion of lignification for 36 gold pieces
  4705 | D:6      | Bought a potion of berserk rage for 60 gold pieces
  4705 | D:6      | Bought a potion of might for 48 gold pieces
  4705 | D:6      | Bought a potion of invisibility for 96 gold pieces
  4845 | D:6      | Reached XP level 9. HP: 52/78 MP: 9/9
  5571 | D:7      | Reached skill level 7 in Fighting
  5624 | D:7      | Found an iron altar of Okawaru.
  5661 | D:7      | Noticed a two-headed ogre
  6399 | D:7      | Killed a two-headed ogre
  6400 | D:7      | Reached skill level 5 in Throwing
  6400 | D:7      | Reached skill level 5 in Stealth
  7109 | D:8      | Found a shadowy altar of Dithmenos.
  7112 | D:8      | Noticed Maggie
  7130 | D:8      | Killed Maggie
  7131 | D:8      | Reached skill level 8 in Fighting
  7131 | D:8      | Reached XP level 10. HP: 77/88 MP: 10/10
  7154 | D:8      | Learned a level 3 spell: Ozocubu's Armour
  7158 | D:8      | Learned a level 3 spell: Frozen Ramparts
  7195 | D:8      | Found an ornate altar of the Wu Jian Council.
  7394 | D:8      | Noticed a two-headed ogre
  7405 | D:8      | Killed a two-headed ogre
  7406 | D:8      | Reached skill level 1 in Spellcasting
  7406 | D:8      | Reached skill level 1 in Ice Magic
  7447 | D:8      | Found a staircase to the Lair.
  7587 | D:8      | Noticed a boulder beetle
  7598 | D:8      | Killed a boulder beetle
  7619 | D:8      | Found Yzerisu's Book Shop.
  7628 | D:8      | Noticed Psyche
  7642 | D:8      | Killed Psyche
  7936 | D:9      | Found an opulent altar of Gozag.
  8007 | D:9      | Reached skill level 9 in Fighting
  8118 | D:9      | Reached ** piety under Qazlal
  8347 | D:9      | Found a sacrificial altar of Ru.
  8621 | D:9      | Found a snail-covered altar of Cheibriados.
  8767 | D:9      | Identified the +0 ring mail "Marosegh" {rF- Dex+3}
  8818 | D:9      | Found an ancient bone altar of Kikubaaqudgha.
  8835 | D:9      | Reached XP level 11. HP: 88/97 MP: 16/16
  9129 | D:10     | Entered Level 10 of the Dungeon
  9174 | D:10     | Found a radiant altar of Vehumet.
  9395 | D:10     | Noticed Snorg
  9423 | D:10     | Killed Snorg
  9424 | D:10     | Reached skill level 10 in Fighting
  9424 | D:10     | Reached skill level 1 in Shields
  9424 | D:10     | Reached skill level 5 in Ice Magic
  9440 | D:10     | Noticed a two-headed ogre
  9458 | D:10     | Killed a two-headed ogre
  9840 | D:10     | Noticed Lodul
  9847 | D:10     | Your ally Lodul died
  9852 | D:10     | Reached skill level 5 in Spellcasting
 10054 | D:10     | Found a blossoming altar of Fedhas.
 10081 | D:10     | Reached *** piety under Qazlal
 10764 | D:11     | You fall into a shaft and drop 2 floors!
 10765 | D:13     | Noticed a boulder beetle
 10854 | D:12     | Noticed a boulder beetle
 10869 | D:12     | Killed a boulder beetle
 10870 | D:12     | Reached skill level 1 in Invocations
 11034 | D:12     | Identified the amulet "Seopriku" {Regen+ Dex+6}
 11038 | D:12     | Noticed a skeletal warrior
 11038 | D:12     | Noticed a green ugly thing
 11039 | D:12     | Noticed a skeletal warrior
 11040 | D:12     | Noticed a skeletal warrior
 11122 | D:11     | Found Qacas's Book Shoppe.
 11190 | D:11     | Found Idybiherim's General Store.
 11196 | D:11     | Found Dify's Book Emporium.
 11207 | D:11     | Reached skill level 10 in Unarmed Combat
 11544 | Lair:1   | Entered Level 1 of the Lair of Beasts
 11558 | Lair:1   | Reached XP level 12. HP: 96/108 MP: 19/19
 11680 | Lair:1   | Reached **** piety under Qazlal
 11695 | Lair:1   | Reached skill level 11 in Fighting
 12365 | Lair:1   | Reached skill level 5 in Shields
 13317 | Lair:2   | Found a transporter.
 13318 | Lair:2   | Found the ring of the Octopus King
 13751 | Lair:2   | Reached skill level 5 in Invocations
 13789 | Lair:2   | Noticed an eight-headed hydra
 13796 | Lair:2   | Killed an eight-headed hydra
 13925 | Lair:2   | Found a transporter.
 13989 | Lair:2   | Reached skill level 5 in Dodging
 14140 | Lair:2   | Found a hole to the Spider Nest.
 14984 | Lair:3   | Found a gate leading to a gauntlet.
 15009 | Gauntlet | Entered a Gauntlet
 15009 | Gauntlet | Found a transporter.
 15012 | Gauntlet | Found a transporter.
 15014 | Gauntlet | Found a transporter.
 15028 | Gauntlet | Found the +7 great mace "Firestarter" {flame, immolate,
                  | rFlCloud rF++}
 15030 | Gauntlet | Found a transporter.
 15031 | Gauntlet | Found a transporter.
 15040 | Gauntlet | Found a transporter.
 15052 | Gauntlet | Noticed a green death
 15055 | Gauntlet | Found a transporter.
 15065 | Gauntlet | Found a transporter.
 15072 | Gauntlet | Found a transporter.
 15112 | Gauntlet | Found a transporter.
 15121 | Gauntlet | Found a transporter.
 15126 | Gauntlet | Found a transporter.
 15162 | Gauntlet | Paralysed by a hornet for 1 turns
 15384 | Gauntlet | Found a transporter.
 15425 | Gauntlet | Killed a green death
 15427 | Gauntlet | Found a transporter.
 15433 | Gauntlet | Identified the ring of Nihilism {rF+ rC- AC+4 Str+6}
 15469 | Gauntlet | Noticed a minotaur
 15485 | Gauntlet | Killed a minotaur
 15486 | Gauntlet | Reached skill level 12 in Fighting
 15486 | Gauntlet | Reached XP level 13. HP: 93/118 MP: 16/20
 15537 | Gauntlet | Got the Reference Book on the Gargoyle
 15547 | Lair:3   | Learned a level 2 spell: Blink
 15552 | Lair:3   | Learned a level 4 spell: Manifold Assault
 15698 | Lair:3   | Reached skill level 1 in Translocations
 15855 | Lair:3   | Noticed Fannar
 15867 | Lair:3   | Killed Fannar
 16857 | Lair:4   | Noticed Josephine
 16867 | Lair:4   | Killed Josephine
 17073 | Lair:4   | Reached ***** piety under Qazlal
 17244 | Lair:4   | Noticed bakla's ghost (journeyman OpSh)
 17246 | Lair:4   | Noticed a minotaur
 17259 | Lair:4   | Found a runed translucent gate.
 17259 | Lair:4   | Found a runed translucent gate.
 17259 | Lair:4   | Found a runed translucent gate.
 17378 | Lair:4   | Reached skill level 5 in Translocations
 17577 | Lair:4   | Found a staircase to the Slime Pits.
 17859 | Lair:5   | Entered Level 5 of the Lair of Beasts
 18042 | Lair:5   | Found a dark tunnel.
 18047 | Volcano  | Entered a volcano
 18237 | Volcano  | Noticed a fire dragon
 18248 | Volcano  | Killed a fire dragon
 18851 | Lair:5   | Gained mutation: You have acidic saliva. [Yellow Draconian
                  | growth]
 18851 | Lair:5   | Reached XP level 14. HP: 127/127 MP: 12/21
 18856 | Lair:5   | Reached skill level 13 in Fighting
 19765 | Lair:5   | Found a corrupted altar of Lugonu.
 19765 | Lair:5   | Found a one-way gate to the infinite horrors of the Abyss.
 21292 | D:12     | Upgraded the game from 0.31-a0-331-geda263fcf1 to
                  | 0.31-a0-339-gda1cbd555d
 21388 | D:12     | Found a portal to a secret trove of treasure.
 21452 | D:12     | Found a staircase to the Orcish Mines.
 21581 | Orc:1    | Entered Level 1 of the Orcish Mines
 21774 | Orc:1    | Noticed an orc warlord
 21798 | Orc:1    | Killed an orc warlord
 22004 | Orc:2    | Entered Level 2 of the Orcish Mines
 22004 | Orc:2    | Found a staircase to the Elven Halls.
 22016 | Orc:2    | Noticed Donald
 22280 | Spider:1 | Entered Level 1 of the Spider Nest
 22669 | Spider:1 | Slain by a pharaoh ant

Illustrated notes

Levels and vault maps discovered:
D:1:      psy_arrival_heroes, layout_basic, chequers_avenue
D:2:      layout_basic
D:3:      layout_rooms, serial_bayou, serial_bayou_pond_a, serial_bayou_ford_a,
          serial_bayou_shore_b, serial_bayou_crossing
D:4:      layout_gridville, nicolae_stop_n_shop_2, dreamdust_mushroom_princess
D:5:      minmay_evil_eye, layout_rooms, mainiacjoe_overflow_tiny_flanked,
          grunt_temple_overflow_cloverleaf,
          lightli_ossuary_entry_decrepit_ruins, nicolae_the_louvre
D:6:      layout_cave_pods, minmay_temple_entry_grid, serial_undead,
          serial_undead_e, serial_undead_b, serial_undead_a, serial_undead_f,
          serial_undead_f, serial_shops, nicolae_shop_stone, shop,
          nicolae_take_the_stairs, minmay_misc_feat_enclosed
D:7:      layout_loops_corners, mainiacjoe_overflow_concentric_impassable,
          enter_bailey_3, minmay_fractal_squares_5
D:8:      layout_basic, mainiacjoe_overflow_large_starburst, lair_entry_dummy,
          serial_shops, nicolae_stop_n_shop_1, uniq_psyche, uniq_maggie
D:9:      layout_roguey, old_standard_altar,
          nicolae_gozag_cash_rules_everything_around_me,
          cheibrodos_worm_habitat, lemuel_mausoleum_altar_kikubaaqudgha,
          hangedman_abyss_or_decor_passed, kennysheep_generic_room_9
D:10:     layout_stronghold, mainiacjoe_overflow_small_starburst,
          fedhas_altar_2, kennysheep_generic_room_4, uniq_lodul, uniq_snorg
D:11:     layout_basic, portal_ice_cave_entry_pillars_2, serial_shops,
          nicolae_shop_tiny_waterfront, nicolae_shop_behind_doors, shop
D:12:     layout_basic, erik_orc_1, nicolae_trove_entry_isolated
D:13:     layout_layer_cave
Lair:1:   layout_chaotic_city, chequers_serial_rivers_small_b,
          serial_bayou_lagoon_b, serial_bayou_shore_a, grunt_megastairs_1
Lair:2:   gammafunk_worm_tunnel, layout_layer_cave, minmay_swamp_entry_eels,
          dummy_spider_entry, serial_rivers, chequers_serial_rivers_micro_a,
          chequers_serial_rivers_marsh, chequers_serial_rivers_micro_d,
          chequers_serial_rivers_small_b, chequers_serial_rivers_large_b,
          chequers_serial_rivers_room_b
Lair:3:   layout_regular_city, gauntlet_entry_generic, minivault_25,
          grunt_megastairs_4, uniq_fannar
Lair:4:   layout_gridlike, nicolae_slime_entry_slimehenge,
          maelrawn_ghost_gauntlet_escape, uniq_josephine
Lair:5:   hellmonk_lair_end_abyssal_woods, layout_cave_shapes,
          nicolae_volcano_entry_s_turn, pdpol_lair_cavern_descent
Spider:1: layout_chambers
Orc:1:    layout_diamond_mine, serial_shops, uniq_harold
Orc:2:    grunt_orc_community_town_hall, layout_caves,
          grunt_orc_community_big_house_2, grunt_orc_community_big_house_2,
          grunt_orc_community_house_2, grunt_orc_community_house_2,
          grunt_orc_community_house_2, grunt_orc_community_house_3,
          mines3_lemuel, uniq_donald

Skill      XL: |  1  2  3  4  5  6  7  8  9 10 11 12 13 14 |
---------------+-------------------------------------------+-----
Fighting       | 3 4 5 6 8 9 10 12 13 | 13.8
Unarmed Combat | 3 4 5 6 7 8 10 11 12 | 12.8
Evocations     | 1 2 |  2.4
Throwing       | 1 2 3 5 |  5.0
Shapeshifting  | 4 5 6 7 |  7.0
Stealth        | 1 3 5 |  5.0
Spellcasting   | 3 5 |  5.0
Ice Magic      | 4 5 7 |  7.2
Shields        | 4 6 |  6.7
Dodging        | 3 5 7 8 |  8.1
Invocations    | 2 5 |  5.8
Translocations | 5 7 |  7.4

Action                     |  1- 3 |  4- 6 |  7- 9 | 10-12 | 13-15 || total
---------------------------+-------+-------+-------+-------+-------++-------
  Melee: Unarmed           |    96 |    32 |   136 |   502 |   682 ||  1448
         Tailslap          |     9 |    23 |    54 |    93 |   124 ||   303
         Punch             |     1 |     2 |    10 |     8 |     1 ||    22
         Short sword       |       |    74 |   171 |       |       ||   245
         Rapier            |       |    31 |       |       |       ||    31
         Bite              |       |       |       |       |    66 ||    66
  Throw: Boomerang         |       |    36 |    49 |       |     5 ||    90
         Dart              |       |       |    32 |    73 |    37 ||   142
         Javelin           |       |       |     1 |       |       ||     1
   Cast: Ozocubu's Armour  |       |       |       |    44 |    47 ||    91
         Frozen Ramparts   |       |       |       |    50 |    36 ||    86
         Manifold Assault  |       |       |       |       |    17 ||    17
         Blink             |       |       |       |       |     1 ||     1
 Invoke: Elemental Force   |       |       |       |     1 |     3 ||     4
         Upheaval          |       |       |       |       |     1 ||     1
Ability: Begin Untransform |     1 |       |       |     1 |     3 ||     5
         Breathe Acid      |       |       |    15 |    16 |    12 ||    43
  Evoke: Wand              |     3 |     5 |    15 |     8 |     6 ||    37
         Lightning rod     |       |       |       |       |     7 ||     7
         Phantom mirror    |       |       |       |       |     4 ||     4
         Phial of floods   |       |       |       |       |     2 ||     2
    Use: Potion            |     1 |     3 |     1 |     7 |     1 ||    13
         Scroll            |       |    10 |     4 |     6 |     3 ||    23
   Stab: Invisible         |       |       |       |     2 |       ||     2
 Armour: Skin              |    23 |    50 |    91 |   187 |   176 ||   527
  Dodge: Dodged            |    55 |    68 |   153 |   293 |   309 ||   878
         Repelled          |       |       |       |     3 |     4 ||     7
  Block: Other             |       |       |     9 |    12 |     2 ||    23
         Buckler           |       |       |       |   159 |   327 ||   486
   Form: Beast             |     2 |       |       |     1 |     1 ||     4
                           |     1 |       |       |       |       ||     1
         Blade             |       |       |       |       |     2 ||     2

Table legend: (Time is in decaauts)
 A = Elapsed time spent in this place.
 B = Non-inter-level travel time spent in this place.
 C = Inter-level travel time spent in this place.
 D = Time resting spent in this place.
 E = Time spent auto-exploring this place.
 F = Levels seen in this place.
 G = Mean time per level.
                   A        B        C        D        E       F      G
               +--------+--------+--------+--------+--------+-----+--------+
         Total |  22409 |  21239 |   1170 |   1137 |  14936 |  24 |  933.7 |
       Dungeon |  12858 |  12028 |    830 |    657 |   8696 |  13 |  989.1 |
          Lair |   7577 |   7266 |    311 |     91 |   5727 |   5 | 1515.4 |
   Spider Nest |    368 |    368 |      0 |    103 |     89 |   1 |  368.0 |
  Orcish Mines |    439 |    411 |     28 |      0 |    305 |   2 |  219.5 |
       Ossuary |    329 |    329 |      0 |      0 |    118 |   1 |  329.0 |
       Volcano |    307 |    307 |      0 |     30 |      0 |   1 |  307.0 |
      Gauntlet |    530 |    530 |      0 |    256 |      0 |   1 |  530.0 |
               +--------+--------+--------+--------+--------+-----+--------+

Top non-repeatable levels by time:
  Lair:2: 1839 daAuts
  Lair:1: 1745 daAuts
    D:10: 1666 daAuts
  Lair:5: 1637 daAuts
     D:6: 1453 daAuts
     D:7: 1440 daAuts
    D:12: 1398 daAuts
     D:9: 1344 daAuts
  Lair:4: 1282 daAuts
  Lair:3: 1072 daAuts
    D:11: 983 daAuts
     D:2: 823 daAuts
     D:3: 798 daAuts
     D:8: 778 daAuts
     D:1: 765 daAuts
